 Dungeon Crawl Stone Soup version 0.29.1-1-gd02db6906a (webtiles) character file.

Game seed: 7070654781015752710

87 H0rd4k the Insei (level 4, -1/28 HPs)
             Began as an Octopode Transmuter on Oct 16, 2022.
             Slain by a goblin
             ... wielding a +0 club
             ... led by Robin
              (3 damage)
             ... on level 3 of the Dungeon.
             The game lasted 00:01:46 (2818 turns).

H0rd4k the Insei (Octopode Transmuter)              Turns: 2818, Time: 00:01:46

Health: -1/28      AC:  1    Str:  9    XL:     4   Next: 51%
Magic:  7/7        EV: 13    Int: 17    God:
Gold:   160        SH:  0    Dex: 12    Spells: 6/7 levels left

rFire   . . .      SeeInvis .     - Unarmed
rCold   . . .      Faith    .   (no shield)
rNeg    . . .      Spirit   .   (helmet restricted)
rPois   +          Reflect  .   (no amulet)
rElec   .          Harm     .   f - ring of poison resistance
rCorr   .          Rampage  .   (no ring)
Will    .....                   (no ring)
Stlth   +++.......              (no ring)
HPRegen 0.09/turn               (no ring)
MPRegen 0.10/turn               (no ring)
                                (no ring)
                                (no ring)

@: no status effects
A: almost no armour, amphibious, 8 rings, camouflage 1, gelatinous body 1,
(nimble swimmer 1), tentacles
a: no special abilities


You were on level 3 of the Dungeon.
You visited 1 branch of the dungeon, and saw 3 of its levels.

You collected 160 gold pieces.

Inventory:

Missiles
 d - 8 poisoned darts
 m - a throwing net
Jewellery
 f - a ring of poison resistance (left tentacle)
Scrolls
 h - a scroll of butterflies {unknown}
 k - a scroll of vulnerability {unknown}
 l - a scroll of teleportation {unknown}
 n - a scroll of immolation {unknown}
 o - a scroll of enchant weapon {unknown}
Potions
 a - 2 potions of lignification
 b - a potion of berserk rage {unknown}
 c - a potion of curing {unknown}
 e - a potion of mutation {unknown}
 g - a potion of brilliance {unknown}
 i - a potion of cancellation {unknown}
 j - a potion of resistance {unknown}


   Skills:
 + Level 1.3 Fighting
 + Level 2.7 Dodging
 + Level 2.1 Stealth
 + Level 3.8 Unarmed Combat
 + Level 2.4 Spellcasting
 + Level 2.0 Transmutations


You had 6 spell levels left.
You knew the following spells:

 Your Spells              Type           Power      Damage    Failure   Level
a - Beastly Appendage     Tmut           18%        N/A       8%          1

Your spell library contained the following spells:

 Spells                   Type           Power      Damage    Failure   Level
 Wereblood                Tmut           9%         N/A       12%         2
 Spider Form              Tmut/Pois      5%         N/A       36%         3
 Ozocubu's Armour         Ice            2%         N/A       50%         3
 Ice Form                 Ice/Tmut       5%         N/A       77%         4
 Ozocubu's Refrigeration  Ice            1%         4d7       100%        7


Dungeon Overview and Level Annotations

Branches:
Dungeon (3/15)

Altars:

Annotations:
D:3 Robin


Innate Abilities, Weirdness & Mutations

You cannot wear most types of armour.
You are amphibious.
You can wear up to eight rings at the same time.
Your skin changes colour to match your surroundings (Stealth+).
Your rubbery body absorbs attacks. (AC +1, EV +1)
((You are camouflaged when in or above water. (Stealth+)))
You have tentacles for arms and can constrict up to eight enemies at once.


Message History

A goblin comes into view. It is wielding a +0 club.
The goblin shoots a sling bullet.
The sling bullet closely misses you. The goblin hits you with a +0 club.
The goblin shoots a sling bullet.
The sling bullet hits you. The sling bullet burns you.
Things that are here:
a +0 dagger; a goblin corpse You miss the goblin.
Your grab misses the goblin.
Your tentacle spike misses the goblin.
The goblin barely misses you.
The goblin shoots a sling bullet.
The sling bullet closely misses you.
You tentacle-slap the goblin. You grab the goblin.
The goblin is heavily wounded.
You constrict the goblin, but do no damage.
The goblin hits you but does no damage.
A goblin comes into view. It is wielding a +0 dagger.
The goblin shoots a sling bullet.
The sling bullet closely misses you.
You release your grip on the goblin.
A goblin comes into view. It is wielding a +0 dagger.
The goblin shouts!
The goblin shoots a sling bullet.
The sling bullet hits you. The sling bullet burns you.
A hobgoblin comes into view.
The goblin attacks as you move away! The goblin hits you with a +0 club.
* * * LOW HITPOINT WARNING * * *
The goblin attacks as you move away! The goblin closely misses you.
Your tentacle spike disappears.
The goblin attacks as you move away! The goblin closely misses you.
Robin throws the goblin at you! The goblin attacks as you move away!
The goblin completely misses you. The goblin attacks as you move away!
The goblin hits you with a +0 club.
* * * LOW HITPOINT WARNING * * *
A goblin comes into view. It is wielding a +0 club.
Robin attacks as you move away! Robin closely misses you.
A goblin comes into view. It is wielding a +0 club.
Robin throws the goblin at you! Robin throws the goblin at you!
* * * LOW HITPOINT WARNING * * *
The goblin barely misses you. The goblin hits you with a +0 club.
* * * LOW HITPOINT WARNING * * *
The goblin attacks as you move away! The goblin hits you with a +0 club.
You die...

### #..... #.## .....##..###
### .... ...........#
...####..# ............
.........###............
.....)............##.....
........................
......g<............†... ....
.......@............###. ....
.##.###.g...........###.
...####.###g......#####.....
#..........#...#.# #....##.
#.....$..g#...#+###.......
#....?....###.....#.......
..#...g###g# #.....#.......
..#.)..###.###.....###.....
....=..g.....#g........###.##♣♣


You could see Robin and 4 goblins.

Vanquished Creatures
  3 gnolls (D:2)
  2 adders
  An orc (D:2)
  6 bats
  3 endoplasms (D:1)
  2 giant cockroaches
  4 goblins
  A hobgoblin (D:2)
  3 jackals (D:2)
  6 kobolds
  2 quokkas (D:1)
  3 ball pythons (D:1)
  2 frilled lizards
38 creatures vanquished.

Notes
Turn   | Place    | Note
-------+----------+-------------------------------------------
     0 | D:1      | H0rd4k the Octopode Transmuter began the quest for the Orb.
     0 | D:1      | Reached XP level 1. HP: 13/13 MP: 3/3
    37 | D:1      | Reached XP level 2. HP: 3/18 MP: 3/5
  1311 | D:2      | Reached skill level 1 in Stealth
  1323 | D:2      | Reached XP level 3. HP: 14/23 MP: 6/6
  2072 | D:2      | Reached XP level 4. HP: 18/28 MP: 5/7
  2798 | D:3      | Noticed Robin
  2818 | D:3      | Slain by a goblin

Illustrated notes

Levels and vault maps discovered:
D:1:      shiori_arrival_elements, layout_loops_ring
D:2:      layout_basic
D:3:      layout_basic, shapermc_ecumenical_altar_totnotflames, uniq_robin

Skill      XL: |  1  2  3  4 |
---------------+-------------+-----
Stealth        | 1 2 |  2.1
Fighting       | |  1.3
Dodging        | |  2.7
Unarmed Combat | |  3.8
Spellcasting   | |  2.4
Transmutations | |  2.0

Action                   |  1- 3 |  4- 6 || total
-------------------------+-------+-------++-------
Melee: Unarmed           |    72 |    19 ||    91
       Constrict         |    20 |     5 ||    25
       Tentacles         |    10 |     5 ||    15
       Kick              |     4 |     2 ||     6
       Punch             |     3 |       ||     3
 Cast: Beastly Appendage |     5 |     2 ||     7
 Stab: Sleeping          |     6 |     2 ||     8
Armor: Skin              |     7 |     3 ||    10
Dodge: Dodged            |    54 |    23 ||    77
